 Dungeon Crawl Stone Soup version 0.27.1-34-g3ba077fa99 (webtiles) character file.

Game seed: 17766140858513511723

28137 Arum the Fighter (level 13, -9/112 HPs)
             Began as a Formicid Fighter on Jan 3, 2022.
             Was a High Priest of Okawaru.
             Mangled by a brown very ugly thing (13 damage)
             ... on level 2 of the Abyss.
             The game lasted 00:33:39 (14407 turns).

Arum the Fighter (Formicid Fighter)                Turns: 14407, Time: 00:33:40

Health: -9/112     AC: 11    Str: 21      XL:     13   Next: 71%
Magic:  0/13       EV: 10    Int:  7 (8)  God:    Okawaru [*****.]
Gold:   1332       SH: 22    Dex: 20      Spells: 12/12 levels left

rFire    + . .     SeeInvis +   y - +5 quarterstaff (spect)
rCold    + + .     Faith    .   C - +1 kite shield {reflect}
rNeg     + . .     Spirit   +   x - +0 scale mail {Will+}
rPois    +         Reflect  +   (helmet unavailable)
rElec    .         Harm     .   L - scarf {rC+ rF+}
rCorr    +         Rampage  .   (no gloves)
Will     ++...                  M - +1 pair of boots of the Gravedigger {rC+ rCorr Str-2 Dex+7 Stlth+}
Stlth    +.........             g - brooch of Shielding {Spirit SH+8}
HPRegen  0.28/turn              e - ring of poison resistance
MPRegen  0.13/turn              u - ring of positive energy

@: no status effects
A: permanent stasis, dig shafts and tunnels, antennae 3, four strong arms
a: Dig, Shaft Self, Renounce Religion, Heroism, Finesse


You were on level 2 of the Abyss.
You worshipped Okawaru.
Okawaru was extremely pleased with you.
You visited 2 branches of the dungeon, and saw 14 of its levels.
You visited the Abyss 1 time.
You also visited: Ossuary and Gauntlet.

You collected 2541 gold pieces.
You spent 1209 gold pieces at shops.

Inventory:

Hand Weapons
 a - a +1 quarterstaff of draining
 y - a +5 spectral quarterstaff (weapon)
Missiles
 o - 3 throwing nets
 G - 11 silver javelins
Armour
 x - a +0 scale mail of willpower (worn)
 C - a +1 kite shield of reflection (worn)
 H - a +4 plate armour of fire resistance
 K - the +1 fire dragon scales of Vanity {+Blink rF++ rC- Dex-2 Slay+2}
   (You found it in a Gauntlet)

   Dex:       It affects your dexterity (-2).
   Slay:      It affects your accuracy & damage with ranged weapons and melee
   (+2).
   rF:        It greatly protects you from fire.
   rC:        It makes you vulnerable to cold.
   +Blink:    It lets you blink.
 L - a scarf of resistance (worn)
 M - the +1 pair of boots of the Gravedigger (worn) {rC+ rCorr Str-2 Dex+7 Stlth+}
   (You found it in a Gauntlet)

   Str:       It affects your strength (-2).
   Dex:       It affects your dexterity (+7).
   rC:        It protects you from cold.
   rCorr:     It protects you from acid and corrosion.
   Stlth:     It makes you more stealthy.
 N - the +0 tower shield of Esaociox {rPois Str+4}
   (You found it in a Gauntlet)

   Str:       It affects your strength (+4).
   rPois:     It protects you from poison.
Jewellery
 b - a ring of positive energy
 e - a ring of poison resistance (left hand)
 g - the brooch of Shielding (around neck) {Spirit SH+8}
   (You bought it in a shop on level 2 of the Dungeon)

   [amulet of guardian spirit]

   It causes incoming damage to be divided between your reserves of health and
   magic.
   SH:        It affects your SH (+8).
 u - a ring of positive energy (right hand)
 I - the ring of the Heavens {Fly Str+2}
   (You found it in a Gauntlet)

   [ring of flight]

   Str:       It affects your strength (+2).
   Fly:       It grants you flight.
Wands
 q - a wand of digging (12)
 r - a wand of polymorph (10)
 v - a wand of flame (31)
 A - a wand of mindburst (16)
 B - a wand of paralysis (13)
Scrolls
 c - a scroll of summoning
 f - a scroll of identify
 k - a scroll of holy word
 n - 2 scrolls of amnesia
 t - a scroll of enchant armour
 w - 2 scrolls of enchant weapon
Potions
 d - 2 potions of lignification
 h - 6 potions of curing
 i - a potion of brilliance {unknown}
 j - a potion of resistance
 l - 4 potions of ambrosia
 m - a potion of cancellation
 s - a potion of mutation
 z - a potion of flight
 E - 3 potions of attraction
Miscellaneous
 p - a lightning rod (4/4)


   Skills:
 + Level 13.8 Fighting
 + Level 12.6 Staves
 - Level 12.0 Armour
 + Level 10.4 Shields


You had 12 spell levels left.
You didn't know any spells.
Your spell library contained the following spells:

 Spells                   Type           Power      Damage    Failure   Level
 Beastly Appendage        Tmut           0%         N/A       71%         1
 Magic Dart               Conj           0%         1d3       71%         1
 Pain                     Necr           0%         1d4       71%         1
 Shock                    Conj/Air       0%         1d3       71%         1
 Call Imp                 Summ           0%         N/A       83%         2
 Wereblood                Tmut           0%         N/A       83%         2
 Call Canine Familiar     Summ           0%         N/A       97%         3
 Mephitic Cloud           Conj/Pois/Air  0%         N/A       97%         3
 Portal Projectile        Hex/Tloc       0%         N/A       97%         3
 Spider Form              Tmut/Pois      0%         N/A       97%         3
 Airstrike                Air            0%         N/A       100%        4
 Leda's Liquefaction      Hex/Erth       0%         N/A       100%        4
 Summon Ice Beast         Ice/Summ       0%         N/A       100%        4
 Agony                    Necr           0%         N/A       100%        5
 Excruciating Wounds      Necr           0%         N/A       100%        5
 Manifold Assault         Tloc           0%         N/A       100%        5
 Summon Mana Viper        Hex/Summ       0%         N/A       100%        5
 Dispersal                Tloc           0%         N/A       100%        6
 Monstrous Menagerie      Summ           0%         N/A       100%        7
 Storm Form               Tmut/Air       0%         N/A       100%        7
 Disjunction              Tloc           0%         N/A       100%        8
 Blink                    Tloc           Unusable   N/A       N/A         2
 Swiftness                Air            Unusable   N/A       N/A         3

Dungeon Overview and Level Annotations

Branches:
Dungeon (13/15)            Temple (1/1) D:6            Lair (0/6) D:11
    Orc (0/2) D:11        Ossuary (visited)         Gauntlet (visited)
 Vaults: D:13-14

Altars:
Ashenzari
Cheibriados
Dithmenos
Elyvilon
Fedhas
Gozag
Hepliaklqana
Kikubaaqudgha
Makhleb
Nemelex Xobeh
Okawaru
Qazlal
Ru
Sif Muna
Trog
Uskayaw
Vehumet
Wu Jian
Xom
Yredelemnul
Zin
The Shining One

Shops:
D:2 *[=[(   D:9 (   D:10 **

Annotations:
D:3 exclusion: oklob plant
D:13 Josephine, Sonja


Innate Abilities, Weirdness & Mutations

You cannot be hasted, slowed, berserked, paralysed or teleported.
You can dig through walls and to a lower floor.
You have a pair of large antennae on your head. (SInv)
Your four strong arms can wield two-handed weapons with a shield.


Message History

You slam into the metal wall!
You hear an angry hiss.
You sock the brown very ugly thing!
The brown very ugly thing is moderately wounded.
Your +5 spectral quarterstaff closely misses the brown very ugly thing.
The red ugly thing kicks your +5 spectral quarterstaff!
Your spectral weapon shares its damage with you!
Your +5 spectral quarterstaff is engulfed in flames!
Your +5 spectral quarterstaff resists.
Your spectral weapon shares its damage with you!
* * * LOW HITPOINT WARNING * * *
Unknown command.
You hit the brown very ugly thing but do no damage.
The brown very ugly thing is moderately wounded.
Your +5 spectral quarterstaff hits the brown very ugly thing!
You block the naga warrior's attack.
The wretched star glows turbulently.
Your +1 kite shield of reflection reflects the lance of force!
The lance of force hits the wretched star!!
The wretched star is knocked back by the lance of force.
The red ugly thing closely misses your +5 spectral quarterstaff.
You hit the brown very ugly thing.
The brown very ugly thing is heavily wounded.
Your +5 spectral quarterstaff hits the brown very ugly thing!
The brown very ugly thing tentacle-slaps you but does no damage.
Unknown command.
You bludgeon the brown very ugly thing!!
The brown very ugly thing is almost dead.
Your +5 spectral quarterstaff hits the brown very ugly thing!
The naga warrior hits you from afar with a +1 antimagic glaive!!
* * * LOW HITPOINT WARNING * * *
The neqoxec gestures at you.
You feel dopey. Something feeds on your intellect!
The red ugly thing kicks your +5 spectral quarterstaff!
Your spectral weapon shares its damage with you!
Your +5 spectral quarterstaff fades away.
* * * LOW HITPOINT WARNING * * *
The brown very ugly thing tentacle-slaps you!
You die...

.. . ##
.#. #..#
###*# ## #
.)# # 1
##...# .§
###*.##.#
#...#.#3#
#.#..@uu#.
.. ...
####§##. .
# #N# # .
{## .{ .
.. . { . {
{


You could see a naga warrior, a brown very ugly thing, a wretched star, a red
ugly thing and a neqoxec.

Vanquished Creatures
  An Executioner (Abyss:2)
  A minotaur (Gauntlet)
  Harold (D:8)
  2 boulder beetles
  A catoblepas (Gauntlet)
  2 two-headed ogres (D:11)
  A death knight (D:10)
  2 tengu warriors (D:13)
  Pikel (D:8)
  A harpy (shapeshifter) (D:11)
  A manticore (D:11)
  An elephant (D:10)
  A molten gargoyle (Gauntlet)
  Maurice (D:8)
  Joseph (D:8)
  2 gargoyles
  An unseen horror (D:12)
  2 kobold demonologists (D:10)
  2 freezing wraiths (D:10)
  6 trolls
  2 large abominations (Gauntlet)
  A blink frog (shapeshifter) (D:12)
  A vampire (D:12)
  7 wraiths
  A meliai zombie (D:11)
  19 yaks
  A basilisk (D:11)
  3 chaos spawn (Gauntlet)
  A steam dragon (D:9)
  A neqoxec (Gauntlet)
  A water moccasin (D:6)
  2 orc warriors
  2 ice beasts
  3 sky beasts
  A necrophage (D:5)
  2 ogres
  5 black bears
  16 centaurs
  3 lemures (D:8)
  4 kobold brigands
  10 bullfrogs
  3 small abominations (Gauntlet)
  3 elf zombies (Ossuary)
  4 gnoll sergeants
  A wyvern skeleton (D:5)
  A wyvern zombie (D:7)
  A scorpion (D:5)
  43 killer bees
  13 wights
  A howler monkey (D:5)
  4 crimson imps (D:7)
  A bullfrog zombie (D:6)
  8 centaur zombies
  A jelly (D:8)
  2 orc priests (D:10)
  A centaur skeleton (D:6)
  A gnoll shaman (D:10)
  A hound (D:5)
  2 human zombies (Ossuary)
  A bullfrog skeleton (D:3)
  3 iguanas
  5 orc wizards
  A hound skeleton (D:5)
  3 hound zombies (Ossuary)
  3 mummies (Ossuary)
  21 gnolls
  12 adders
  2 shadow imps
  2 white imps
  3 ufetubi
  2 worms (D:2)
  4 dart slugs
  15 orcs
  8 ball pythons
  5 bats
  3 endoplasms
  2 giant cockroaches (D:3)
  2 goblins
  6 hobgoblins
  9 kobolds
  3 frilled lizards
  6 goblin zombies (Ossuary)
  3 hobgoblin zombies (Ossuary)
  4 jackal zombies (Ossuary)
  A kobold zombie (Ossuary)
  An orc zombie (Ossuary)
  6 quokka zombies
  5 rats
  3 rat zombies (Ossuary)
352 creatures vanquished.

Vanquished Creatures (others)
  A raiju (Abyss:2)
  5 demonic plants
  12 fungi
  13 plants
  A withered plant (Gauntlet)
32 creatures vanquished.

Grand Total: 384 creatures vanquished

Notes
Turn   | Place    | Note
-------+----------+-------------------------------------------
     0 | D:1      | Arum the Formicid Fighter began the quest for the Orb.
     0 | D:1      | Reached XP level 1. HP: 18/18 MP: 1/1
   178 | D:1      | Reached XP level 2. HP: 24/24 MP: 2/2
   619 | D:2      | Reached XP level 3. HP: 29/30 MP: 3/3
   647 | D:2      | Found a faded altar of an unknown god.
   692 | D:2      | Found Ureplo's Assorted Antiques.
   726 | D:2      | Found Wenid's Weapon Emporium.
   762 | D:2      | Reached skill level 4 in Fighting
   762 | D:2      | Reached XP level 4. HP: 36/37 MP: 4/4
   774 | D:2      | Reached XP level 5. HP: 42/43 MP: 5/5
   880 | D:2      | Found Daijom's Antique Armour Shoppe.
   884 | D:2      | Found Dezxu's Antique Armour Shop.
   889 | D:2      | Found Adghasch's Jewellery Shop.
   995 | D:2      | Reached skill level 5 in Shields
  1236 | D:2      | Reached XP level 6. HP: 49/49 MP: 6/6
  1727 | D:3      | Found a blossoming altar of Fedhas.
  1740 | D:3      | Noticed an oklob plant
  2093 | D:3      | Reached skill level 5 in Fighting
  2473 | D:4      | Identified a scroll of acquirement
  2473 | D:4      | Acquired 1181 gold pieces
  2498 | D:2      | Bought the brooch of Shielding {Spirit SH+8} for 831 gold
                  | pieces
  2498 | D:2      | Found the brooch of Shielding {Spirit SH+8}
  2596 | D:4      | Reached XP level 7. HP: 32/56 MP: 2/7
  3150 | D:4      | Found a sacrificial altar of Ru.
  3221 | D:4      | Reached skill level 6 in Fighting
  3311 | D:4      | Reached skill level 5 in Staves
  3457 | D:4      | Reached XP level 8. HP: 64/64 MP: 8/8
  3716 | D:4      | Became a worshipper of Ru the Awakened
  3738 | D:5      | Entered Level 5 of the Dungeon
  4454 | D:5      | Reached skill level 7 in Fighting
  4850 | D:6      | Reached XP level 9. HP: 66/72 MP: 9/9
  4914 | D:6      | Reached skill level 8 in Fighting
  5329 | D:6      | Found a staircase to the Ecumenical Temple.
  5338 | Temple   | Entered the Ecumenical Temple
  5394 | Temple   | Fell from the grace of Ru
  5394 | Temple   | Became a worshipper of Warmaster Okawaru
  5467 | D:6      | Reached skill level 5 in Armour
  5621 | D:6      | Found a faded altar of an unknown god.
  5621 | D:6      | Found a hazy altar of Hepliaklqana.
  5621 | D:6      | Found a faded altar of an unknown god.
  5623 | D:6      | Found a faded altar of an unknown god.
  5848 | D:7      | Acquired 714 gold pieces
  5885 | D:7      | Reached XP level 10. HP: 82/82 MP: 10/10
  5989 | D:7      | Reached skill level 9 in Fighting
  6107 | D:7      | Acquired a ring of poison resistance
  6206 | D:7      | Found a shimmering altar of Xom.
  6223 | D:7      | Reached * piety under Okawaru
  6491 | D:8      | Noticed a gargoyle
  6594 | D:8      | Noticed Joseph
  6623 | D:8      | Killed Joseph
  6638 | D:8      | Noticed Maurice
  6644 | D:8      | Killed a gargoyle
  6656 | D:8      | Killed Maurice
  6656 | D:8      | Reached ** piety under Okawaru
  6703 | D:8      | Found a sand-covered staircase.
  6718 | Ossuary  | Entered an ossuary
  6829 | Ossuary  | Reached skill level 10 in Fighting
  7187 | D:8      | Reached *** piety under Okawaru
  7295 | D:8      | Reached XP level 11. HP: 89/91 MP: 11/11
  7307 | D:8      | Noticed Pikel
  7343 | D:8      | Killed Pikel
  7531 | D:8      | Noticed Harold
  7541 | D:8      | Killed Harold
  7742 | D:9      | Found Dunoca's Antique Weapon Shop.
  7775 | D:9      | Reached **** piety under Okawaru
  7886 | D:9      | Bought a runed quarterstaff for 210 gold pieces
  7986 | D:9      | Found a broken altar of Ashenzari.
  8072 | D:9      | Reached skill level 11 in Fighting
  8101 | D:9      | Reached skill level 10 in Staves
  8534 | D:9      | Found an opulent altar of Gozag.
  8744 | D:10     | Entered Level 10 of the Dungeon
  8744 | D:10     | Found a white marble altar of Elyvilon.
  8782 | D:10     | Noticed a death knight
  8797 | D:10     | Reached ***** piety under Okawaru
  8805 | D:10     | Killed a death knight
  9028 | D:10     | Found Cahoelale's General Store.
  9046 | D:10     | Reached XP level 12. HP: 40/101 MP: 8/12
  9336 | D:10     | Found Oseiriun's Specific Store.
  9347 | D:10     | Bought a scarf of invisibility for 144 gold pieces
  9347 | D:10     | Bought a scroll of identify for 24 gold pieces
  9431 | D:10     | Received a gift from Okawaru
  9432 | D:10     | Reached skill level 10 in Armour
  9842 | D:10     | Reached skill level 12 in Fighting
 10503 | D:11     | Found a staircase to the Orcish Mines.
 10521 | D:11     | Noticed a two-headed ogre
 10522 | D:11     | Noticed a two-headed ogre
 10540 | D:11     | Killed a two-headed ogre
 10577 | D:11     | Killed a two-headed ogre
 10643 | D:11     | Found a gate leading to a gauntlet.
 10813 | Gauntlet | Entered a Gauntlet
 10813 | Gauntlet | Found a transporter.
 10813 | Gauntlet | Found a transporter.
 10820 | Gauntlet | Noticed a catoblepas
 10883 | Gauntlet | Found a transporter.
 10887 | Gauntlet | Found a transporter.
 10895 | Gauntlet | Found a transporter.
 10896 | Gauntlet | Noticed a death scarab
 10899 | Gauntlet | Found a transporter.
 10902 | Gauntlet | Noticed a catoblepas
 10910 | Gauntlet | Found a transporter.
 10923 | Gauntlet | Found a transporter.
 10937 | Gauntlet | Found a transporter.
 10941 | Gauntlet | Found a transporter.
 10949 | Gauntlet | Found a transporter.
 10953 | Gauntlet | Found a transporter.
 11027 | Gauntlet | Found a runed translucent door.
 11394 | Gauntlet | Killed a catoblepas
 11395 | Gauntlet | Reached XP level 13. HP: 109/109 MP: 9/13
 11423 | Gauntlet | Reached skill level 13 in Fighting
 11623 | Gauntlet | Noticed a minotaur
 11646 | Gauntlet | Killed a minotaur
 11646 | Gauntlet | Received a gift from Okawaru
 11746 | Gauntlet | Identified the +1 fire dragon scales of Vanity {+Blink rF++
                  | rC- Dex-2 Slay+2}
 11748 | Gauntlet | Identified the +1 pair of boots of the Gravedigger {rC+
                  | rCorr Str-2 Dex+7 Stlth+}
 11751 | Gauntlet | Identified the ring of the Heavens {Fly Str+2}
 11754 | Gauntlet | Identified the +0 tower shield of Esaociox {rPois Str+4}
 12465 | D:11     | Found a staircase to the Lair.
 12721 | D:12     | Identified the +4 ring mail of Painted Life {rPois rN+++
                  | Int-3 Slay-2}
 12914 | D:12     | Found a hide-covered altar of Uskayaw.
 12918 | D:12     | Noticed a boulder beetle
 12941 | D:12     | Killed a boulder beetle
 13469 | D:13     | Received a gift from Okawaru
 13470 | D:13     | Reached skill level 10 in Shields
 13954 | D:13     | Noticed a vault guard
 14025 | D:13     | Noticed a boulder beetle
 14041 | D:13     | Killed a boulder beetle
 14083 | D:13     | Noticed Sonja
 14083 | D:13     | Noticed Josephine
 14098 | D:13     | Cast into level 1 of the Abyss (Sonja)
 14306 | Abyss:2  | Noticed an Executioner
 14315 | Abyss:2  | Killed an Executioner
 14393 | Abyss:2  | Noticed a red very ugly thing
 14400 | Abyss:2  | Noticed a naga warrior
 14407 | Abyss:2  | HP: 5/112 [naga warrior (22)]
 14407 | Abyss:2  | Mangled by a brown very ugly thing

Illustrated notes

Levels and vault maps discovered:
D:1:      lemuel_arrival_cross, layout_basic
D:2:      layout_basic, shapermc_ecumenical_altar_mp_urbaneastern, serial_shops,
          shop, shop, nicolae_diamond_shop, shop_statue,
          nicolae_shop_temple_entry_statues_fountains, minmay_crystal_room,
          minmay_snake_closets
D:3:      layout_loops_cross, tgw_fedhas
D:4:      layout_cave_pods, mainiacjoe_overflow_catwalk, lightli_minifort
D:5:      layout_loops_corners, chequers_hall_statues_y, kennysheep_doodads
D:6:      layout_gridville, nicolae_hepliaklqana_ecumenical_no_more,
          minmay_temple_entry_poolview
D:7:      layout_cave_pools, led_xom_imps, palyth_stone_intersect
D:8:      layout_cave_pools, enter_ossuary_4, uniq_pikel, uniq_harold,
          uniq_joseph, uniq_maurice
D:9:      layout_loops_ring, ashenzari_conservatory_becter,
          nicolae_gozag_cash_rules_everything_around_me, serial_shops,
          nicolae_shop_statue_plus
D:10:     wad_woods_minihive, layout_basic, elyvilon_altar_5,
          nicolae_specific_store
D:11:     layout_rooms, grunt_lair_entry_orc_guard_hut, gauntlet_entry_generic,
          minivault_21, chequers_serial_rivers_micro_e
D:12:     layout_small_grid, nicolae_uskayaw_en_pointe
D:13:     layout_long_grid, grunt_vaults_entry_fortified,
          portal_ice_cave_entry_ice_simulacra, serial_shops,
          nicolae_stop_n_shop_1, minmay_misc_feat_x, kennysheep_nub, uniq_sonja,
          uniq_josephine
Temple:   eino_wide_crystal_templ
Abyss:2:  base: Temple, hangedman_abyss_overflow_altar, minivault_26

Skill      XL: |  1  2  3  4  5  6  7  8  9 10 11 12 13 |
---------------+----------------------------------------+-----
Shields        | 4 5 6 8 9 10 | 10.4
Fighting       | 4 5 6 7 8 10 11 12 13 | 13.8
Staves         | 3 4 5 6 7 9 10 11 12 | 12.6
Armour         | 5 7 9 11 12 | 12.0

Action                   |  1- 3 |  4- 6 |  7- 9 | 10-12 | 13-15 || total
-------------------------+-------+-------+-------+-------+-------++-------
Melee: Quarterstaff      |    42 |   143 |   277 |   802 |   134 ||  1398
Invok: Heroism           |       |       |       |     2 |     6 ||     8
 Abil: Dig               |     1 |     1 |     2 |     6 |     5 ||    15
  Use: Scroll            |       |     6 |     9 |    11 |       ||    26
       Potion            |       |       |     1 |     4 |     2 ||     7
 Stab: Confused          |       |     2 |       |       |       ||     2
       Distracted        |       |       |       |     2 |     2 ||     4
Armor: Scale mail        |     6 |    42 |    31 |   113 |    29 ||   221
       Skin              |       |       |       |     3 |       ||     3
Dodge: Dodged            |    15 |    29 |    60 |   142 |    20 ||   266
Block: Kite shield       |    29 |    87 |   249 |   744 |   157 ||  1266
       Reflection        |       |       |       |       |     7 ||     7
